 Dungeon Crawl Stone Soup version 0.22-a0-388-g09e6169 (webtiles) character file.

28784 puppykicker the Carver (level 13, -4/108 HPs)
             Began as a Minotaur Arcane Marksman on Apr 28, 2018.
             Was an Elder of Wu Jian.
             Slain by a phantasmal warrior (18 damage)
             ... led by a death knight
             ... on level 13 of the Dungeon on Apr 29, 2018.
             The game lasted 01:20:25 (21547 turns).

puppykicker the Carver (Minotaur Arcane Marksman)  Turns: 21547, Time: 01:20:26

Health: -4/108     AC: 12    Str: 15    XL:     13   Next: 11%
Magic:  18/18      EV: 14    Int: 14    God:    Wu Jian [****..]
Gold:   215        SH:  0    Dex: 12    Spells: 2/20 levels left

rFire    . . .     SeeInvis .   a - +2 great sword (freeze)
rCold    . . .     Gourm    .   (shield currently unavailable)
rNeg     . . .     Faith    .   K - +3 steam dragon scales
rPois    +         Spirit   .   (helmet restricted)
rElec    .         Reflect  .   n - +0 cloak
rCorr    .         Harm     .   v - +0 pair of gloves
MR       .....                  (no boots)
Stlth    +.........             (no amulet)
HPRegen  0.28/turn              t - ring of wizardry
MPRegen  0.16/turn              G - ring of poison resistance

@: vulnerable
A: retaliatory headbutt, horns 2
a: Wall Jump, Serpent's Lash, Renounce Religion


You were on level 13 of the Dungeon.
You worshipped Wu Jian.
Wu Jian was greatly pleased with you.
You were very hungry.

You visited 2 branches of the dungeon, and saw 14 of its levels.

You collected 576 gold pieces.
You spent 361 gold pieces at shops.


Innate Abilities, Weirdness & Mutations

You reflexively headbutt those who attack you in melee.
You have a pair of horns on your head.


   Skills:
 - Level 8.5 Fighting
 * Level 14.7 Long Blades
 + Level 9.8 Bows
 - Level 8.5 Armour
 - Level 5.0 Dodging
 - Level 4.0 Spellcasting
 - Level 2.0 Conjurations
 - Level 2.8 Hexes
 - Level 2.5 Charms
 - Level 2.0 Summonings
 - Level 2.0 Translocations
 - Level 2.0 Air Magic
 + Level 3.7 Earth Magic


You had 2 spell levels left.
You knew the following spells:

 Your Spells              Type           Power        Failure   Level  Hunger
a - Corona                Hex            ##.....      2%          1    None
b - Slow                  Hex            ##......     4%          2    ##.....
c - Stone Arrow           Conj/Erth      ##....       8%          3    ###....
d - Call Imp              Summ           #.......     5%          2    ##.....
e - Mephitic Cloud        Conj/Pois/Air  #.......     13%         3    ###....
f - Portal Projectile     Hex/Tloc       #.....       9%          3    ###....
m - Swiftness             Chrm/Air       #.......     4%          2    ##.....
p - Blink                 Tloc           N/A          5%          2    ##.....

Inventory:

Hand Weapons
 a - a +2 great sword of freezing (weapon)
 b - a +0 shortbow
 c - a +0 blowgun
 w - a +1 rapier of speed
Missiles
 d - 198 arrows
 o - 26 tomahawks
 q - 69 poisoned needles
 Q - 5 poisoned tomahawks (quivered)
Armour
 n - a +0 cloak (worn)
 r - the +7 chain mail of Bibror {rC+ Str-3 Slay+3}
   (You took it off an orc warrior on level 9 of the Dungeon)

   It affects your strength (-3).
   It affects your accuracy and damage with ranged weapons and melee attacks
   (+3).
   It protects you from cold.
 v - a +0 pair of gloves (worn)
 B - a +0 troll leather armour
 H - a +2 leather armour of fire resistance
 I - a +1 robe of the Archmagi
 K - +3 steam dragon scales (worn)
Jewellery
 t - a ring of wizardry (left hand)
 G - a ring of poison resistance (right hand)
Wands
 g - a wand of paralysis (17)
 C - a wand of iceblast (10)
 F - a wand of enslavement (15)
 N - a wand of clouds (3)
Scrolls
 i - 8 scrolls of magic mapping
 j - 7 scrolls of amnesia
 m - 2 scrolls of teleportation
 p - 2 scrolls of immolation {!r}
 y - a scroll of enchant weapon {unknown}
 z - 3 scrolls of remove curse
 J - a scroll of silence
 L - a scroll of brand weapon
Potions
 e - 2 potions of magic
 h - 5 potions of heal wounds
 k - 7 potions of curing
 l - 3 potions of lignification {!q}
 s - 2 potions of agility
 u - 3 potions of degeneration {unknown}
 x - a potion of mutation {unknown}
 A - 3 potions of flight
 D - 2 potions of might {unknown}
 E - a potion of cancellation
 M - a potion of haste {unknown}
 R - a potion of ambrosia
Miscellaneous
 O - a lightning rod (4/4)
Comestibles
 f - 20 rations

Dungeon Overview and Level Annotations

Branches:
Dungeon (13/15)            Temple (1/1) D:7            Lair (0/6) D:8
    Orc (0/2) D:10
 Vaults: D:13-14

Altars:
Ashenzari
Cheibriados
Dithmenos
Elyvilon
Fedhas
Gozag
Hepliaklqana
Kikubaaqudgha
Makhleb
Nemelex Xobeh
Okawaru
Qazlal
Ru
Sif Muna
Trog
Uskayaw
Vehumet
Wu Jian
Xom
Yredelemnul
Zin
The Shining One

Shops:
D:7 [   D:9 :*( D:12

*
.......................####.####.
......................#...>.## ##
.#...#†.........####.........## #
###.?..)#.....[...............##
W.....#.#..#.......#.....####..##
..<........#..........#..###.....
..............##.#..#.....#......
.##..............W.#..##.....###.
................@...#.#....### .
..##................#..##..#
..##.............##...###..#
.#...............#.........#
..#..##.........#.#........
...........#..##...#
............#.#....)
........#...#.#....## ........
......#


You could see a phantasmal warrior (pinned).


Message History

C - a wand of iceblast (10)
Okay, then.
Unknown command.
Wield which item (- for none, * to show all)? (? for menu, Esc to quit)
Okay, then.
A phantasmal warrior comes into view.
Search for what [? for help]? long Unknown command.
The phantasmal warrior blinks!
You hit the phantasmal warrior but do no damage.
You headbutt the phantasmal warrior, but do no damage.
The phantasmal warrior hits you!!
You hit the phantasmal warrior but do no damage.
The phantasmal warrior hits you!!
* * * LOW HITPOINT WARNING * * *
Your magical defenses are stripped away!
You slash the phantasmal warrior! You freeze the phantasmal warrior.
The phantasmal warrior is moderately damaged.
The phantasmal warrior hits you.
* * * LOW HITPOINT WARNING * * *
You completely miss the phantasmal warrior.
The phantasmal warrior is moderately damaged.
The phantasmal warrior hits you!!
* * * LOW HITPOINT WARNING * * *
Unknown command.
You spin and attack the phantasmal warrior.
You hit the phantasmal warrior but do no damage.
The phantasmal warrior is moderately damaged.
The phantasmal warrior hits you!!
You die...

Action                   |  1- 3 |  4- 6 |  7- 9 | 10-12 | 13-15 || total
-------------------------+-------+-------+-------+-------+-------++-------
Melee: Unarmed           |     3 |       |       |       |       ||     3
       Spear             |    33 |       |       |       |       ||    33
       Short sword       |    34 |       |       |       |       ||    34
       Headbutt          |    10 |    13 |    81 |   106 |    14 ||   224
       Hand axe          |       |    23 |       |       |       ||    23
       Falchion          |       |   100 |   436 |    48 |       ||   584
       Rapier            |       |       |    18 |       |       ||    18
       Great sword       |       |       |       |   460 |    80 ||   540
       Long sword        |       |       |       |    90 |       ||    90
 Fire: Shortbow          |     6 |    30 |    60 |    44 |       ||   140
Throw: Tomahawk          |       |     2 |     4 |     7 |       ||    13
 Cast: Corona            |     5 |     3 |    40 |    24 |       ||    72
       Slow              |       |       |    41 |    32 |       ||    73
       Stone Arrow       |       |       |       |     1 |       ||     1
Invok: Lunge             |       |       |     6 |   104 |    11 ||   121
       Whirlwind         |       |       |     5 |   241 |    51 ||   297
       Wall Jump         |       |       |       |     3 |       ||     3
Evoke: Wand              |       |       |    26 |     4 |       ||    30
  Use: Scroll            |     5 |     4 |     3 |    15 |     2 ||    29
       Potion            |     1 |       |       |     2 |     1 ||     4
 Stab: Distracted        |       |       |       |     2 |       ||     2
       Confused          |       |       |       |     3 |       ||     3
  Eat: Chunk             |     2 |     6 |    17 |    28 |     3 ||    56
       Ration            |       |       |     4 |     2 |       ||     6
Armor: Robe              |     5 |       |       |       |       ||     5
       Leather armour    |     6 |       |       |       |       ||     6
       Scale mail        |       |     8 |       |       |       ||     8
       Ring mail         |       |    34 |   119 |    98 |       ||   251
       Steam dragon scal |       |       |       |   132 |    34 ||   166
Dodge: Dodged            |    39 |    78 |   283 |   455 |    56 ||   911
       Rpst.: Falchion   |       |    17 |    73 |     3 |       ||    93
       Great sword       |       |       |       |    97 |    18 ||   115
       Long sword        |       |       |       |    13 |       ||    13

Vault maps used:
D:1:      scummos_arrival_simple_crosswalls, st_stairs_9
D:2:      first_ration, uniq_terence
D:3:      uniq_jessica
D:4:      uniq_natasha
D:5:      kennysheep_kobold_camp, kennysheep_generic_room_7, uniq_menkaure
D:7:      minmay_temple_entry_junction, serial_shops, nicolae_shop_crystal,
          uniq_pikel
D:8:      xom_teletrap_fun, erik_lair_island
D:9:      serial_ice, serial_ice_c, serial_ice_n, serial_ice_f, serial_ice_i,
          serial_shops, shop_statue, nicolae_shop_window_shopping, shop,
          david_nohive_1
D:10:     orc_0_dummy, serial_glass, glass_columns_b, glass_columns_a,
          uniq_psyche, uniq_joseph
D:11:     lemuel_nasty_fountain
D:12:     guppyfry_shop_blood
D:13:     minmay_tile_spiral
Temple:   nicolae_temple_the_god_donut

Notes
Turn   | Place    | Note
-------+----------+-------------------------------------------
     0 | D:1      | puppykicker the Minotaur Arcane Marksman began the quest for the Orb.
     0 | D:1      | Reached XP level 1. HP: 16/16 MP: 1/1
   164 | D:1      | Reached XP level 2. HP: 13/23 MP: 0/2
   345 | D:1      | Reached skill level 1 in Armour
  1000 | D:1      | Reached skill level 2 in Fighting
  1016 | D:1      | Reached skill level 3 in Bows
  1016 | D:1      | Reached XP level 3. HP: 28/29 MP: 3/3
  1390 | D:2      | Noticed Terence
  1398 | D:2      | Learned a level 2 spell: Slow
  1416 | D:2      | Killed Terence
  1416 | D:2      | Reached XP level 4. HP: 37/37 MP: 1/4
  1784 | D:3      | Reached skill level 2 in Armour
  1784 | D:3      | Reached skill level 3 in Dodging
  1889 | D:3      | Reached skill level 1 in Long Blades
  1968 | D:3      | Reached skill level 2 in Long Blades
  1968 | D:3      | Reached XP level 5. HP: 17/42 MP: 0/5
  2182 | D:3      | Noticed Jessica
  2190 | D:3      | Killed Jessica
  2367 | D:3      | Noticed Muffindrake's ghost (amateur OpCj)
  2386 | D:3      | Killed Muffindrake's ghost
  2386 | D:3      | Reached skill level 4 in Long Blades
  2386 | D:3      | Reached XP level 6. HP: 30/50 MP: 6/6
  2875 | D:4      | Reached skill level 5 in Long Blades
  2950 | D:4      | Noticed Natasha
  2963 | D:4      | Killed Natasha
  2979 | D:4      | Noticed Natasha
  2989 | D:4      | Killed Natasha
  3071 | D:3      | Reached skill level 6 in Long Blades
  3248 | D:4      | Reached XP level 7. HP: 37/56 MP: 7/7
  3356 | D:3      | Learned a level 3 spell: Portal Projectile
  3545 | D:4      | Noticed Natasha
  3561 | D:4      | Killed Natasha
  3561 | D:4      | Reached skill level 7 in Long Blades
  4574 | D:5      | Entered Level 5 of the Dungeon
  4629 | D:4      | Reached skill level 8 in Long Blades
  5519 | D:5      | Reached skill level 9 in Long Blades
  5612 | D:5      | Reached XP level 8. HP: 46/62 MP: 8/8
  5980 | D:5      | Reached skill level 10 in Long Blades
  6082 | D:5      | Noticed Menkaure
  6098 | D:5      | Killed Menkaure
  6756 | D:6      | Reached skill level 3 in Armour
  6958 | D:6      | Got a twisted robe
  6960 | D:6      | Identified the cursed +0 robe of Theory {Regen+ MP+9 Str+2} (You found it on level 6 of the Dungeon)
  7083 | D:6      | Reached skill level 3 in Fighting
  7315 | D:6      | Reached skill level 4 in Bows
  7588 | D:6      | HP: 6/63 [poisoned by a killer bee]
  7593 | D:6      | HP: 4/63 [poisoned by a killer bee]
  7600 | D:6      | HP: 2/63 [poisoned by a killer bee]
  7607 | D:6      | HP: 2/63 [poisoned by a killer bee]
  7615 | D:6      | HP: 1/63 [poisoned by a killer bee]
  8064 | D:7      | Found a staircase to the Ecumenical Temple.
  8073 | Temple   | Entered the Ecumenical Temple
  8332 | Temple   | Became a worshipper of the Wu Jian Council
  8652 | D:6      | HP: 5/66 [orc warrior/flail (16)]
  9027 | D:7      | Learned a level 3 spell: Stone Arrow
  9383 | D:7      | Reached skill level 4 in Armour
  9383 | D:7      | Reached XP level 9. HP: 46/71 MP: 0/9
  9483 | D:7      | Found Yloedief's Antique Armour Shop.
  9491 | D:7      | Noticed Pikel
  9545 | D:7      | Killed Pikel
  9545 | D:7      | Reached skill level 4 in Fighting
  9545 | D:7      | Reached skill level 11 in Long Blades
  9545 | D:7      | Reached skill level 5 in Bows
  9545 | D:7      | Reached skill level 4 in Dodging
  9558 | D:7      | Identified a +1 robe of the Archmagi (You took it off Pikel on level 7 of the Dungeon)
  9989 | D:8      | Reached skill level 1 in Earth Magic
 10132 | D:8      | Noticed a troll
 10146 | D:8      | Reached skill level 1 in Conjurations
 10146 | D:8      | Reached skill level 1 in Translocations
 10320 | D:8      | Killed a troll
 11091 | D:7      | Reached * piety under Wu Jian
 11251 | D:7      | Reached skill level 5 in Armour
 11266 | D:7      | Reached skill level 5 in Fighting
 11266 | D:7      | Reached skill level 6 in Bows
 11266 | D:7      | Reached XP level 10. HP: 51/81 MP: 1/11
 11374 | D:7      | Reached skill level 2 in Spellcasting
 11374 | D:7      | Reached skill level 2 in Earth Magic
 11524 | D:8      | Found a shimmering altar of Xom.
 11545 | D:8      | Learned a level 2 spell: Blink
 11548 | D:8      | Learned a level 2 spell: Call Imp
 11679 | D:8      | Found a staircase to the Lair.
 12520 | D:9      | Reached ** piety under Wu Jian
 12886 | D:9      | Reached skill level 2 in Translocations
 12982 | D:9      | Reached skill level 5 in Dodging
 13370 | D:9      | Reached skill level 2 in Conjurations
 13549 | D:9      | Reached skill level 1 in Summonings
 13583 | D:9      | Reached skill level 12 in Long Blades
 14611 | D:9      | Reached skill level 6 in Armour
 14692 | D:9      | Reached skill level 6 in Fighting
 14751 | D:9      | Reached skill level 7 in Bows
 14827 | D:9      | Got a crude chain mail
 14838 | D:9      | Identified the +7 chain mail of Bibror {rC+ Str-3 Slay+3} (You took it off an orc warrior on level 9 of the Dungeon)
 15373 | D:9      | Found Eti Ysae's Assorted Antiques.
 15390 | D:9      | Reached skill level 2 in Summonings
 15455 | D:9      | Found Vovin's Weapon Shop.
 15559 | D:9      | Found Eqie's Book Shoppe.
 15712 | D:9      | Bought a glowing amethyst potion for 22 gold pieces
 15712 | D:9      | Bought a ruby potion for 22 gold pieces
 15712 | D:9      | Bought a potion of curing for 75 gold pieces
 15712 | D:9      | Bought a scroll labeled VUYNAM LUHAIKHAU for 25 gold pieces
 15712 | D:9      | Bought a faintly humming robe for 142 gold pieces
 15712 | D:9      | Bought a potion of lignification for 75 gold pieces
 15722 | D:9      | Identified the cursed +1 robe "Ecwoawo" {Int-4 Dex+6} (You bought it in a shop on level 9 of the Dungeon)
 15838 | D:10     | Entered Level 10 of the Dungeon
 15846 | D:10     | Reached XP level 11. HP: 89/89 MP: 13/13
 16102 | D:10     | Learned a level 2 spell: Swiftness
 16148 | D:10     | Found a staircase to the Orcish Mines.
 16159 | D:10     | Reached *** piety under Wu Jian
 16322 | D:10     | Noticed Joseph
 16333 | D:10     | Killed Joseph
 16774 | D:10     | Noticed Psyche
 16784 | D:10     | Killed Psyche
 17161 | D:11     | Reached skill level 1 in Charms
 17161 | D:11     | Reached skill level 1 in Air Magic
 17371 | D:11     | Killed an unseen horror
 17371 | D:11     | Reached skill level 13 in Long Blades
 17730 | D:11     | Reached skill level 3 in Earth Magic
 17997 | D:11     | Reached skill level 7 in Armour
 18017 | D:11     | Reached skill level 7 in Fighting
 18109 | D:12     | Noticed a sixfirhy
 18112 | D:12     | Reached **** piety under Wu Jian
 18246 | D:12     | Noticed a two-headed ogre
 18255 | D:12     | Killed a two-headed ogre
 18467 | D:12     | Identified a potion of experience
 18468 | D:12     | Reached skill level 8 in Fighting
 18468 | D:12     | Reached skill level 14 in Long Blades
 18468 | D:12     | Reached skill level 8 in Bows
 18468 | D:12     | Reached skill level 8 in Armour
 18468 | D:12     | Reached skill level 4 in Spellcasting
 18468 | D:12     | Reached skill level 2 in Charms
 18468 | D:12     | Reached XP level 12. HP: 36/100 MP: 14/17
 18473 | D:12     | Learned a level 3 spell: Mephitic Cloud
 18851 | D:12     | Reached skill level 2 in Air Magic
 19309 | D:12     | Reached skill level 9 in Bows
 20262 | D:12     | Reached XP level 13. HP: 77/107 MP: 18/18
 20450 | D:12     | Found Qeufye's Blood Bar.
 21508 | D:13     | Upgraded the game from 0.22-a0-377-g846bec1 to 0.22-a0-379-ga9d99d6
 21516 | D:13     | Upgraded the game from 0.22-a0-379-ga9d99d6 to 0.22-a0-388-g09e6169
 21547 | D:13     | Slain by a phantasmal warrior

Vanquished Creatures
  A two-headed ogre (D:12)
  An unseen horror (D:11)
  Pikel (D:7)
  2 manticores (D:12)
  A deep elf mage (D:13)
  An ugly thing (D:12)
  Joseph (D:10)
  2 centaur zombies (D:12)
  Psyche (D:10)
  A gargoyle (D:13)
  2 tengu conjurers (D:13)
  4 kobold demonologists (D:12)
  A queen bee (D:8)
  A polar bear (D:9)
  4 trolls
  2 hornets
  A hippogriff (D:12)
  2 wyverns
  A wraith (D:13)
  13 yaks
  A steam dragon (D:9)
  A hungry ghost (D:11)
  Menkaure (D:5)
  The ghost of Muffindrake the Conjurer, an amateur OpCj (D:3)
  A water moccasin (D:10)
  A soldier ant (D:11)
  An ice beast (D:9)
  3 sky beasts
  A hornet zombie (D:10)
  5 orc warriors
  2 phantoms
  4 wolves
  A necrophage (D:11)
  4 centaurs
  4 ogres
  4 big kobolds
  9 bullfrogs
  A wyvern zombie (D:10)
  A gnoll sergeant (D:10)
  A wyvern skeleton (D:8)
  2 scorpions
  A water moccasin skeleton (D:8)
  33 killer bees
  15 wights
  3 electric eels
  5 howler monkeys
  2 crimson imps
  3 jellies
  2 bullfrog skeletons
  A quasit (D:10)
  2 bullfrog zombies
  10 hounds
  5 orc wizards
  6 orc priests
  Jessica (D:3)
  A centaur skeleton (D:10)
  Terence (D:2)
  Natasha (thrice) (D:4)
  5 iguanas
  13 worker ants
  A hound zombie (D:5)
  A hound skeleton (D:11)
  A worker ant zombie (D:11)
  6 gnolls
  A howler monkey skeleton (D:8)
  11 adders
  3 shadow imps
  2 white imps (D:9)
  An ufetubus (D:8)
  2 adder zombies
  An adder skeleton (D:9)
  A dart slug (D:5)
  4 leopard geckos
  44 orcs
  6 giant cockroaches
  6 goblins
  2 hobgoblins
  8 jackals
  31 kobolds
  2 quokkas
  A ball python (D:1)
  A ball python skeleton (D:5)
  8 bats
  4 frilled lizards
  A jackal skeleton (D:5)
  2 quokka skeletons
  A quokka zombie (D:5)
  3 rats
359 creatures vanquished.

Vanquished Creatures (others)
  A sky beast (D:11)
  An orc (D:11)
2 creatures vanquished.

Grand Total: 361 creatures vanquished
